Thunder vs River Frogs
Created - March 30, 2021 at 19:49
Goals
|
| Thunder |
0 |
2 |
3 |
5 |
| River Frogs |
1 |
3 |
3 |
7 |
|
Shots
|
| Thunder |
6 |
14 |
9 |
29 |
| River Frogs |
11 |
22 |
16 |
49 |
|
1st period
1. River Frogs , Ondrej Kase 13 (Emerson Etem 39, Aaron Ness 18) at 12:41 (SH)
Penalties :
Jesper Pettersson (TRO) for Holding (Minor) at 8:27, Beau Starrett (Lou) for Boarding (Minor) at 12:25
2nd period
2. Thunder , Austin Poganski 12 (Jesper Pettersson 12, Mike Hoffman 26) at 0:35
3. River Frogs , Matt Calvert 25 (Andrew Gordon 41, David Kolomatis 12) at 10:04
4. River Frogs , Justin Florek 22 (Emerson Etem 40) at 11:03 (PP)
5. Thunder , Colton Sceviour 16 (Mikko Vainonen 26, William Karlsson 67) at 12:33 (PP)
6. River Frogs , Jared Knight 11 (Matt Calvert 20, Andrew Gordon 42) at 17:06
Penalties :
Jamie McGinn (TRO) for Hooking (Minor) at 2:37, Mike Hoffman (TRO) for Roughing (Minor) at 10:59, Matt Calvert (Lou) for Tripping (Minor) at 12:16
3rd period
7. Thunder , William Karlsson 50 (Mikko Vainonen 27, Niklas Treutle) at 0:30
8. River Frogs , Dominik Simon 19 (Matt Calvert 21, Aaron Ness 19) at 13:48 (PP)
9. Thunder , Dany Roussin 32 (William Karlsson 68, Mikko Vainonen 28) at 13:58
10. River Frogs , Ondrej Kase 14 (Justin Florek 23, Aaron Ness 20) at 14:53
11. Thunder , Mikko Vainonen 10 (Gianluca Curcuruto 28, William Karlsson 69) at 17:55
12. River Frogs , Andrew Gordon 24 (Roman Josi 24, Shea Theodore 50) at 19:56
Penalties :
Ryan Fitzgerald (Lou) for Hooking (Minor) at 6:29, Austin Poganski (TRO) for Hooking (Minor) at 12:13
Goalie Stats
Niklas Treutle (TRO), 42 saves from 49 shots - (0.857), L, 18-25-7, 60:00 minutes
Thomas Greiss (Lou), 24 saves from 29 shots - (0.828), W, 22-18-1, 60:00 minutes
Players Stats for Thunder
Player Name G A P +/- PIM S H SB GA TA FO MP PP MP PK MP
------------------------------------------------------------------------------------
Angelo Esposito 0 0 0 -1 0 2 4 1 0 0 4/4 15:41 0:00 0:00
Artturi Lehkonen 0 0 0 1 0 1 0 0 1 0 0/0 3:53 0:00 0:00
Artur Gavrus 0 0 0 0 0 0 0 0 0 0 0/0 0:00 0:00 0:00
Austin Poganski 1 0 1 1 2 1 3 1 0 0 0/0 18:11 1:52 0:00
Brayden Point 0 0 0 1 0 3 1 0 1 0 10/12 19:28 1:52 1:14
Colby Cave 0 0 0 0 0 0 0 0 0 0 0/0 0:00 0:00 0:00
Colton Sceviour 1 0 1 -1 0 1 1 1 0 0 0/2 19:15 2:23 0:00
Dany Roussin 1 0 1 -1 0 6 0 1 1 0 1/1 22:50 2:23 3:35
Emil Johansson 0 0 0 -1 0 1 1 1 0 0 0/0 19:46 2:10 2:39
Gianluca Curcuruto 0 1 1 0 0 0 1 2 1 2 0/0 26:26 2:05 2:58
Jakob Lilja 0 0 0 0 0 0 0 0 0 0 0/0 1:20 0:00 0:57
Jamie McGinn 0 0 0 -2 2 2 1 1 1 0 1/1 13:00 0:00 0:00
Jarrod Maidens 0 0 0 0 0 0 0 0 0 0 0/0 0:00 0:00 0:00
Jesper Pettersson 0 1 1 -1 2 1 0 0 0 0 0/0 18:57 2:10 1:51
Mackenze Stewart 0 0 0 0 0 0 0 2 0 0 0/0 14:29 0:00 0:41
Mike Hoffman 0 1 1 1 2 3 2 0 0 1 0/0 19:57 1:52 1:44
Mikko Vainonen 1 3 4 0 0 3 2 2 0 1 0/0 26:26 2:05 2:58
Nikolay Prokhorkin 0 0 0 0 0 0 0 0 0 0 0/0 0:00 0:00 0:00
Ryan Graves 0 0 0 0 0 0 1 1 0 0 0/0 13:57 0:00 0:07
Trevor Lewis 0 0 0 -2 0 3 2 0 0 0 4/6 12:38 0:00 0:00
Vincent Dunn 0 0 0 0 0 0 0 0 0 0 0/0 0:00 0:00 0:00
William Karlsson 1 3 4 0 0 2 0 3 2 1 17/36 25:42 2:23 3:33
Zach Stepan 0 0 0 0 0 0 1 0 0 0 0/0 2:23 0:00 0:11
Players Stats for River Frogs
Player Name G A P +/- PIM S H SB GA TA FO MP PP MP PK MP
------------------------------------------------------------------------------------
Aaron Ness 0 3 3 3 0 2 2 2 0 0 0/0 19:57 2:31 1:42
Andrew Gordon 1 2 3 1 0 4 0 0 2 1 0/0 19:07 2:57 1:09
Austin Watson 0 0 0 0 0 1 0 0 0 0 0/0 8:59 0:01 0:22
Beau Starrett 0 0 0 0 2 0 0 0 0 0 1/3 8:19 0:00 0:00
Bobby Farnham 0 0 0 0 0 3 0 0 0 0 0/0 8:14 0:00 0:00
David Kolomatis 0 1 1 1 0 4 0 3 0 0 0/0 13:16 1:04 0:00
Dillon Heatherington 0 0 0 1 0 1 0 0 0 2 0/0 12:12 0:00 0:00
Dominik Simon 1 0 1 -1 0 6 2 0 0 1 9/21 19:37 2:39 0:22
Emerson Etem 0 2 2 1 0 5 3 0 0 1 4/7 22:53 2:57 2:44
Jared Knight 1 0 1 0 0 2 1 0 0 0 4/10 14:22 0:01 0:00
Justin Florek 1 1 2 0 0 1 3 2 0 1 4/6 12:59 2:57 0:00
Matt Calvert 1 2 3 1 2 6 2 1 1 0 2/3 18:47 2:39 1:09
Mitch Marner 0 0 0 -1 0 1 2 1 0 0 0/0 16:33 0:01 0:00
Morgan Rielly 0 0 0 3 0 2 1 0 0 1 0/0 21:27 1:56 1:42
Ondrej Kase 2 0 2 1 0 5 1 1 0 0 1/4 15:38 2:39 2:44
Roman Josi 0 1 1 -3 0 3 2 3 0 0 0/0 27:22 2:37 2:33
Ryan Fitzgerald 0 0 0 0 2 0 1 0 0 0 0/8 10:14 0:00 0:00
Shea Theodore 0 1 1 -3 0 3 0 0 2 0 0/0 25:46 3:06 2:33
3 Stars
1 - Aaron Ness (Lou)
2 - Mikko Vainonen (TRO)
3 - Ondrej Kase (Lou)
Power Play
Thunder - 1 on 3 Attempt(s) - 33.33%
River Frogs - 2 on 4 Attempt(s) - 50.00%
Penalty Kill
Thunder - 2 on 4 Attempt(s) - 50.00%
- Score 0 goal in Penalty Kill
River Frogs - 2 on 3 Attempt(s) - 66.67%
- Score 1 goal in Penalty Kill
Team Stat
Thunder - Hits : 20 - Faceoff Wins : 37 - Blocked Shots : 16 - Penalty Minutes : 8
River Frogs - Hits : 20 - Faceoff Wins : 25 - Blocked Shots : 13 - Penalty Minutes : 6
Official
Referees : Unknown
Linesman : Unknown
Game Notes
No Game Note
Finance
Level 1 -- Attendance: 1277 (63.85%) -- Ticket Income $51,080
Level 2 -- Attendance: 685 (68.50%) -- Ticket Income $13,700
Total Attendance: 1962 (65.40%)
Total Ticket Income: $64,780
Other Income: $3,239
Total Income: $68,019
Thunder
5 vs 5 Forward
Center Left Wing Right Wing Time % Phy DF OF
1 William Karlsson Dany Roussin Colton Sceviour 40 1 2 2
2 Brayden Point Mike Hoffman Austin Poganski 30 1 2 2
3 Trevor Lewis Jamie McGinn Angelo Esposito 20 1 2 2
4 Angelo Esposito Artturi Lehkonen William Karlsson 10 1 2 2
5 vs 5 Defense
Defense Defense Time % Phy DF OF
1 Mikko Vainonen Gianluca Curcuruto 40 1 2 2
2 Emil Johansson Jesper Pettersson 30 1 2 2
3 Ryan Graves Mackenze Stewart 20 1 2 2
4 Mikko Vainonen Gianluca Curcuruto 10 1 2 2
PowerPlay Forward
Center Left Wing Right Wing Time % Phy DF OF
1 William Karlsson Dany Roussin Colton Sceviour 60 1 2 2
2 Brayden Point Mike Hoffman Austin Poganski 40 1 2 2
PowerPlay Defense
Defense Defense Time % Phy DF OF
1 Mikko Vainonen Gianluca Curcuruto 60 1 2 2
2 Emil Johansson Jesper Pettersson 40 1 2 2
Penalty Kill 4 Players Forward
Center Wing Time % Phy DF OF
1 William Karlsson Dany Roussin 60 1 2 2
2 Brayden Point Mike Hoffman 40 1 2 2
Penalty Kill 4 Players Defense
Defense Defense Time % Phy DF OF
1 Mikko Vainonen Gianluca Curcuruto 60 1 2 2
2 Emil Johansson Jesper Pettersson 40 1 2 2
Penalty Kill - 3 Players Forward
Forward Time % Phy DF OF
1 William Karlsson 60 1 2 2
2 Dany Roussin 40 1 2 2
Penalty Kill - 3 Players Defense
Defense Defense Time % Phy DF OF
1 Mikko Vainonen Gianluca Curcuruto 60 1 2 2
2 Emil Johansson Jesper Pettersson 40 1 2 2
4 vs 4 Forward
Center Wing Time % Phy DF OF
1 William Karlsson Dany Roussin 60 1 2 2
2 Brayden Point Mike Hoffman 40 1 2 2
4 vs 4 Defense
Defense Defense Time % Phy DF OF
1 Mikko Vainonen Gianluca Curcuruto 60 1 2 2
2 Emil Johansson Jesper Pettersson 40 1 2 2
Last Minutes Offensive
Center Left Wing Right Wing Defense Defense
William Karlsson Dany Roussin Colton Sceviour Mikko Vainonen Gianluca Curcuruto
Last Minutes Defensive
Center Left Wing Right Wing Defense Defense
William Karlsson Dany Roussin Colton Sceviour Mikko Vainonen Gianluca Curcuruto
Goaltenders
Starting : Niklas Treutle
Backup : Sergei Kostenko
Extra Forwards
Normal : Zach Stepan, Nikolay Prokhorkin, Jakob Lilja - PP : Zach Stepan, Nikolay Prokhorkin - PK : Jakob Lilja
Extra Defensemen
Normal : Ryan Graves, Mackenze Stewart, Emil Johansson - PP : Ryan Graves - PK : Mackenze Stewart, Emil Johansson
Penalty Shots
William Karlsson, Dany Roussin, Brayden Point, Mike Hoffman, Trevor Lewis
Scratches
Brock McGinn (Left Knee Injury), Hugo Fagerblom (Healthy)
River Frogs
5 vs 5 Forward
Center Left Wing Right Wing Time % Phy DF OF
1 Dominik Simon Emerson Etem Mitch Marner 40 1 2 2
2 Jared Knight Matt Calvert Andrew Gordon 30 1 2 2
3 Ryan Fitzgerald Justin Florek Ondrej Kase 20 1 2 2
4 Beau Starrett Austin Watson Bobby Farnham 10 1 2 2
5 vs 5 Defense
Defense Defense Time % Phy DF OF
1 Roman Josi Shea Theodore 40 1 2 2
2 Morgan Rielly Aaron Ness 30 1 2 2
3 David Kolomatis Dillon Heatherington 20 1 2 2
4 Morgan Rielly Roman Josi 10 1 2 2
PowerPlay Forward
Center Left Wing Right Wing Time % Phy DF OF
1 Justin Florek Emerson Etem Andrew Gordon 60 1 2 2
2 Dominik Simon Matt Calvert Ondrej Kase 40 1 2 2
PowerPlay Defense
Defense Defense Time % Phy DF OF
1 Roman Josi Shea Theodore 60 1 2 2
2 Morgan Rielly Aaron Ness 40 1 2 2
Penalty Kill 4 Players Forward
Center Wing Time % Phy DF OF
1 Emerson Etem Ondrej Kase 60 1 2 2
2 Andrew Gordon Matt Calvert 40 1 2 2
Penalty Kill 4 Players Defense
Defense Defense Time % Phy DF OF
1 Roman Josi Shea Theodore 60 1 2 2
2 Morgan Rielly Aaron Ness 40 1 2 2
Penalty Kill - 3 Players Forward
Forward Time % Phy DF OF
1 Emerson Etem 60 1 2 2
2 Andrew Gordon 40 1 2 2
Penalty Kill - 3 Players Defense
Defense Defense Time % Phy DF OF
1 Roman Josi Shea Theodore 60 1 2 2
2 Morgan Rielly Aaron Ness 40 1 2 2
4 vs 4 Forward
Center Wing Time % Phy DF OF
1 Emerson Etem Dominik Simon 60 1 2 2
2 Andrew Gordon Matt Calvert 40 1 2 2
4 vs 4 Defense
Defense Defense Time % Phy DF OF
1 Roman Josi Shea Theodore 60 1 2 2
2 Morgan Rielly Aaron Ness 40 1 2 2
Last Minutes Offensive
Center Left Wing Right Wing Defense Defense
Matt Calvert Emerson Etem Andrew Gordon Roman Josi Shea Theodore
Last Minutes Defensive
Center Left Wing Right Wing Defense Defense
Matt Calvert Emerson Etem Andrew Gordon Roman Josi Shea Theodore
Goaltenders
Starting : Thomas Greiss
Backup : Eric Comrie
Extra Forwards
Normal : Emerson Etem, Matt Calvert, Andrew Gordon - PP : Emerson Etem, Matt Calvert - PK : Emerson Etem
Extra Defensemen
Normal : David Kolomatis, Dillon Heatherington, Roman Josi - PP : David Kolomatis - PK : Dillon Heatherington, Roman Josi
Penalty Shots
Emerson Etem, Dominik Simon, Andrew Gordon, Matt Calvert, Justin Florek
Scratches
Joakim Nordstrom (Healthy), Matt Grzelcyk (Healthy), Cameron Hughes (Healthy), Maxim Mamin (Healthy), Francis Perron (Healthy)
Richard Nejezchleb (Healthy), Phoenix Copley (Healthy)
% Time on Ice - Thunder
Lines # - Real PCT - Wanted PCT - Time Play
Normal Forward
1 - 33% - 40% - 16:08
2 - 33% - 30% - 16:22
3 - 26% - 20% - 12:38
4 - 8% - 10% - 3:53
Normal Defense
1 - 39% - 40% - 19:12
2 - 30% - 30% - 14:57
3 - 28% - 20% - 13:48
4 - 2% - 10% - 1:04
PP Forward
1 - 56% - 60% - 2:23
2 - 44% - 40% - 1:52
PP Defense
1 - 49% - 60% - 2:05
2 - 51% - 40% - 2:10
PK Forward
1 - 78% - 60% - 4:23
2 - 22% - 40% - 1:14
PK Defense
1 - 53% - 60% - 2:58
2 - 47% - 40% - 2:39
PK3 Forward
1 - 0% - 60%
2 - 0% - 40%
PK3 Defense
1 - 0% - 60%
2 - 0% - 40%
44 Forward
1 - 0% - 60%
2 - 0% - 40%
44 Defense
1 - 0% - 60%
2 - 0% - 40%
Last Minute Offensive - 1:07
Last Minute Defensive - 0:00
Total
Forward - 60:00
Defense - 60:00
|
% Time on Ice - River Frogs
Lines # - Real PCT - Wanted PCT - Time Play
Normal Forward
1 - 34% - 40% - 16:53
2 - 29% - 30% - 14:05
3 - 20% - 20% - 10:01
4 - 17% - 10% - 8:14
Normal Defense
1 - 39% - 40% - 19:12
2 - 32% - 30% - 15:44
3 - 25% - 20% - 12:12
4 - 4% - 10% - 2:05
PP Forward
1 - 53% - 60% - 2:58
2 - 47% - 40% - 2:39
PP Defense
1 - 55% - 60% - 3:06
2 - 45% - 40% - 2:31
PK Forward
1 - 73% - 60% - 3:06
2 - 27% - 40% - 1:09
PK Defense
1 - 60% - 60% - 2:33
2 - 40% - 40% - 1:42
PK3 Forward
1 - 0% - 60%
2 - 0% - 40%
PK3 Defense
1 - 0% - 60%
2 - 0% - 40%
44 Forward
1 - 0% - 60%
2 - 0% - 40%
44 Defense
1 - 0% - 60%
2 - 0% - 40%
Last Minute Offensive - 0:00
Last Minute Defensive - 0:55
Total
Forward - 60:00
Defense - 60:00
|
Play-by-Play
1st period
0:01 of 1st period - Dominik Simon wins face-off versus William Karlsson in neutral zone.
0:16 of 1st period - Slapshot by Shea Theodore.
0:16 of 1st period - Shot Blocked by Mikko Vainonen.
0:33 of 1st period - Slapshot by Matt Calvert.
0:33 of 1st period - Deflect By Mike Hoffman.
0:33 of 1st period - Stopped by Niklas Treutle with a rebound.
0:51 of 1st period - Brayden Point is hit by Ondrej Kase and loses puck.
0:59 of 1st period - Off-side.
1:00 of 1st period - Trevor Lewis wins face-off versus Beau Starrett in neutral zone.
1:07 of 1st period - Slapshot by Jamie McGinn.
1:07 of 1st period - Stopped by Thomas Greiss with a rebound.
3:00 of 1st period - Slapshot by Dominik Simon.
3:00 of 1st period - Stopped by Niklas Treutle without a rebound.
3:01 of 1st period - Trevor Lewis wins face-off versus Dominik Simon in Thunder zone.
3:09 of 1st period - Off-side.
3:10 of 1st period - William Karlsson wins face-off versus Dominik Simon in neutral zone.
3:37 of 1st period - Wrist shot by Trevor Lewis.
3:37 of 1st period - Shot Misses the Net.
4:00 of 1st period - Off-side.
4:01 of 1st period - Jared Knight wins face-off versus Colton Sceviour in neutral zone.
4:34 of 1st period - Wrist shot by Mike Hoffman.
4:34 of 1st period - Shot Misses the Net.
4:36 of 1st period - Wrist shot by Brayden Point.
4:36 of 1st period - Stopped by Thomas Greiss with a rebound.
4:50 of 1st period - Snap shot by Austin Watson.
4:50 of 1st period - Stopped by Niklas Treutle with a rebound.
4:52 of 1st period - Slapshot by Shea Theodore.
4:52 of 1st period - Deflect By Jamie McGinn.
4:52 of 1st period - Stopped by Niklas Treutle without a rebound.
4:53 of 1st period - William Karlsson wins face-off versus Jared Knight in Thunder zone.
4:55 of 1st period - Icing by Dany Roussin.
4:56 of 1st period - William Karlsson wins face-off versus Jared Knight in Thunder zone.
5:03 of 1st period - Wrist shot by Matt Calvert.
5:03 of 1st period - Stopped by Niklas Treutle with a rebound.
5:47 of 1st period - Aaron Ness is hit by Emil Johansson and loses puck.
6:06 of 1st period - Wrist shot by Bobby Farnham.
6:06 of 1st period - Shot Misses the Net.
6:53 of 1st period - Snap shot by William Karlsson.
6:53 of 1st period - Shot Misses the Net.
7:45 of 1st period - Off-side.
7:46 of 1st period - William Karlsson wins face-off versus Ondrej Kase in neutral zone.
7:53 of 1st period - Snap shot by Dany Roussin.
7:53 of 1st period - Shot Blocked by David Kolomatis.
8:17 of 1st period - Slapshot by Angelo Esposito.
8:17 of 1st period - Shot Misses the Net.
8:27 of 1st period - Minor Penalty to Jesper Pettersson for Holding.
8:28 of 1st period - Justin Florek wins face-off versus William Karlsson in Thunder zone.
10:27 of 1st period - Penalty to Jesper Pettersson is over, Jesper Pettersson is back on ice.
10:42 of 1st period - Snap shot by Trevor Lewis.
10:42 of 1st period - Stopped by Thomas Greiss without a rebound.
10:43 of 1st period - Beau Starrett wins face-off versus Trevor Lewis in River Frogs zone.
10:52 of 1st period - Snap shot by Trevor Lewis.
10:52 of 1st period - Stopped by Thomas Greiss with a rebound.
10:54 of 1st period - Snap shot by Angelo Esposito.
10:54 of 1st period - Shot Blocked by David Kolomatis.
10:56 of 1st period - Snap shot by Angelo Esposito.
10:56 of 1st period - Shot Misses the Net.
10:58 of 1st period - Snap shot by Jamie McGinn.
10:58 of 1st period - Stopped by Thomas Greiss with a rebound.
11:58 of 1st period - Slapshot by Roman Josi.
11:58 of 1st period - Deflect By Dominik Simon.
11:58 of 1st period - Stopped by Niklas Treutle with a rebound.
12:10 of 1st period - Snap shot by Dany Roussin.
12:10 of 1st period - Stopped by Thomas Greiss with a rebound.
12:25 of 1st period - Minor Penalty to Beau Starrett for Boarding.
12:26 of 1st period - Brayden Point wins face-off versus Emerson Etem in River Frogs zone.
12:41 of 1st period - Snap shot by Ondrej Kase.
12:41 of 1st period - Goal by Ondrej Kase - Thunder : 0 - River Frogs : 1.
12:42 of 1st period - Emerson Etem wins face-off versus William Karlsson in neutral zone.
12:45 of 1st period - Slapshot by Shea Theodore.
12:45 of 1st period - Deflect By Emerson Etem.
12:45 of 1st period - Stopped by Niklas Treutle without a rebound.
12:46 of 1st period - Emerson Etem wins face-off versus William Karlsson in Thunder zone.
12:47 of 1st period - Wrist shot by Ondrej Kase.
12:47 of 1st period - Stopped by Niklas Treutle without a rebound.
12:48 of 1st period - William Karlsson wins face-off versus Emerson Etem in Thunder zone.
12:53 of 1st period - William Karlsson is hit by Emerson Etem and loses puck.
13:00 of 1st period - Wrist shot by Shea Theodore.
13:00 of 1st period - Deflect By Mikko Vainonen.
13:00 of 1st period - Stopped by Niklas Treutle with a rebound.
13:02 of 1st period - Backhand shot by Roman Josi.
13:02 of 1st period - Deflect By Dany Roussin.
13:02 of 1st period - Stopped by Niklas Treutle with a rebound.
13:04 of 1st period - Snap shot by Ondrej Kase.
13:04 of 1st period - Shot Blocked by William Karlsson.
13:39 of 1st period - Colton Sceviour is hit by Emerson Etem and loses puck.
14:25 of 1st period - Penalty to Beau Starrett is over, Beau Starrett is back on ice.
14:57 of 1st period - Dillon Heatherington is hit by Angelo Esposito and loses puck.
16:21 of 1st period - Icing by Emil Johansson.
16:22 of 1st period - Brayden Point wins face-off versus Jared Knight in Thunder zone.
16:37 of 1st period - Wrist shot by Jared Knight.
16:37 of 1st period - Shot Misses the Net.
16:47 of 1st period - Snap shot by Jamie McGinn.
16:47 of 1st period - Shot Misses the Net.
16:49 of 1st period - Slapshot by Emil Johansson.
16:49 of 1st period - Shot Hit the Post.
16:51 of 1st period - Slapshot by Emil Johansson.
16:51 of 1st period - Shot Blocked by David Kolomatis.
18:17 of 1st period - Morgan Rielly is hit by Trevor Lewis.
19:22 of 1st period - Snap shot by Mitch Marner.
19:22 of 1st period - Shot Blocked by William Karlsson.
19:24 of 1st period - Slapshot by Dominik Simon.
19:24 of 1st period - Shot Blocked by Ryan Graves.
19:26 of 1st period - Backhand shot by Dillon Heatherington.
19:26 of 1st period - Shot Blocked by Colton Sceviour.
19:28 of 1st period - Snap shot by Dominik Simon.
19:28 of 1st period - Shot Blocked by William Karlsson.
19:58 of 1st period - Snap shot by Dany Roussin.
19:58 of 1st period - Shot Misses the Net.
Goals for this period are 0 for Thunder vs 1 for River Frogs.
Shots for this period are 6 for Thunder vs 11 for River Frogs.
2nd period
0:01 of 2nd period - Dominik Simon wins face-off versus Colton Sceviour in neutral zone.
0:31 of 2nd period - Wrist shot by Mike Hoffman.
0:31 of 2nd period - Shot Blocked by Matt Calvert.
0:33 of 2nd period - Wrist shot by Jesper Pettersson.
0:33 of 2nd period - Shot Misses the Net.
0:35 of 2nd period - Slapshot by Austin Poganski.
0:35 of 2nd period - Goal by Austin Poganski - Thunder : 1 - River Frogs : 1.
0:36 of 2nd period - Dominik Simon wins face-off versus William Karlsson in neutral zone.
1:03 of 2nd period - Mikko Vainonen is hit by Morgan Rielly and loses puck.
2:34 of 2nd period - Snap shot by Ondrej Kase.
2:34 of 2nd period - Stopped by Niklas Treutle without a rebound.
2:35 of 2nd period - Trevor Lewis wins face-off versus Ryan Fitzgerald in Thunder zone.
2:37 of 2nd period - Minor Penalty to Jamie McGinn for Hooking.
2:38 of 2nd period - Justin Florek wins face-off versus William Karlsson in Thunder zone.
3:15 of 2nd period - Snap shot by Dominik Simon.
3:15 of 2nd period - Stopped by Niklas Treutle without a rebound.
3:16 of 2nd period - William Karlsson wins face-off versus Dominik Simon in Thunder zone.
3:41 of 2nd period - Brayden Point is hit by Justin Florek.
4:37 of 2nd period - Penalty to Jamie McGinn is over, Jamie McGinn is back on ice.
4:43 of 2nd period - Wrist shot by Bobby Farnham.
4:43 of 2nd period - Shot Misses the Net.
4:45 of 2nd period - Wrist shot by Bobby Farnham.
4:45 of 2nd period - Stopped by Niklas Treutle with a rebound.
4:47 of 2nd period - Backhand shot by Dillon Heatherington.
4:47 of 2nd period - Stopped by Niklas Treutle with a rebound.
4:49 of 2nd period - Slapshot by David Kolomatis.
4:49 of 2nd period - Shot Misses the Net.
4:51 of 2nd period - Slapshot by David Kolomatis.
4:51 of 2nd period - Shot Blocked by Gianluca Curcuruto.
4:53 of 2nd period - Backhand shot by Aaron Ness.
4:53 of 2nd period - Shot Misses the Net.
5:21 of 2nd period - Snap shot by Angelo Esposito.
5:21 of 2nd period - Shot Misses the Net.
5:41 of 2nd period - Snap shot by Dany Roussin.
5:41 of 2nd period - Stopped by Thomas Greiss with a rebound.
5:43 of 2nd period - Wrist shot by Dany Roussin.
5:43 of 2nd period - Stopped by Thomas Greiss with a rebound.
5:45 of 2nd period - Snap shot by Colton Sceviour.
5:45 of 2nd period - Shot Misses the Net.
6:49 of 2nd period - Wrist shot by Emerson Etem.
6:49 of 2nd period - Stopped by Niklas Treutle without a rebound.
6:50 of 2nd period - Brayden Point wins face-off versus Dominik Simon in Thunder zone.
7:28 of 2nd period - Colton Sceviour is hit by Aaron Ness and loses puck.
7:48 of 2nd period - Icing by Dany Roussin.
7:49 of 2nd period - William Karlsson wins face-off versus Ryan Fitzgerald in Thunder zone.
7:54 of 2nd period - Ondrej Kase is hit by Brayden Point and loses puck.
8:03 of 2nd period - Mike Hoffman is hit by Ryan Fitzgerald and loses puck.
8:16 of 2nd period - Wrist shot by Trevor Lewis.
8:16 of 2nd period - Stopped by Thomas Greiss with a rebound.
8:19 of 2nd period - Icing by Andrew Gordon.
8:20 of 2nd period - Jared Knight wins face-off versus Trevor Lewis in River Frogs zone.
8:20 of 2nd period - Jared Knight is hit by Jamie McGinn.
8:50 of 2nd period - Wrist shot by Angelo Esposito.
8:50 of 2nd period - Stopped by Thomas Greiss with a rebound.
8:58 of 2nd period - Snap shot by Andrew Gordon.
8:58 of 2nd period - Stopped by Niklas Treutle with a rebound.
9:00 of 2nd period - Snap shot by Matt Calvert.
9:00 of 2nd period - Shot Misses the Net.
9:02 of 2nd period - Snap shot by David Kolomatis.
9:02 of 2nd period - Deflect By Jamie McGinn.
9:02 of 2nd period - Stopped by Niklas Treutle with a rebound.
9:04 of 2nd period - Wrist shot by Jared Knight.
9:04 of 2nd period - Shot Blocked by Jamie McGinn.
9:10 of 2nd period - Wrist shot by Andrew Gordon.
9:10 of 2nd period - Stopped by Niklas Treutle with a rebound.
9:36 of 2nd period - Snap shot by Jared Knight.
9:36 of 2nd period - Stopped by Niklas Treutle with a rebound.
9:38 of 2nd period - Snap shot by Matt Calvert.
9:38 of 2nd period - Stopped by Niklas Treutle with a rebound.
9:40 of 2nd period - Slapshot by David Kolomatis.
9:40 of 2nd period - Stopped by Niklas Treutle with a rebound.
9:50 of 2nd period - Snap shot by Matt Calvert.
9:50 of 2nd period - Shot Misses the Net.
9:52 of 2nd period - Backhand shot by David Kolomatis.
9:52 of 2nd period - Stopped by Niklas Treutle with a rebound.
9:54 of 2nd period - Snap shot by David Kolomatis.
9:54 of 2nd period - Stopped by Niklas Treutle with a rebound.
9:56 of 2nd period - Snap shot by Matt Calvert.
9:56 of 2nd period - Stopped by Niklas Treutle with a rebound.
10:04 of 2nd period - Slapshot by Matt Calvert.
10:04 of 2nd period - Goal by Matt Calvert - Thunder : 1 - River Frogs : 2.
10:05 of 2nd period - William Karlsson wins face-off versus Dominik Simon in neutral zone.
10:37 of 2nd period - Wrist shot by Mike Hoffman.
10:37 of 2nd period - Stopped by Thomas Greiss without a rebound.
10:38 of 2nd period - Brayden Point wins face-off versus Ondrej Kase in River Frogs zone.
10:41 of 2nd period - Snap shot by Brayden Point.
10:41 of 2nd period - Stopped by Thomas Greiss with a rebound.
10:49 of 2nd period - Wrist shot by Aaron Ness.
10:49 of 2nd period - Stopped by Niklas Treutle with a rebound.
10:51 of 2nd period - Wrist shot by Ondrej Kase.
10:51 of 2nd period - Shot Misses the Net.
10:53 of 2nd period - Slapshot by Morgan Rielly.
10:53 of 2nd period - Shot Misses the Net.
10:59 of 2nd period - Minor Penalty to Mike Hoffman for Roughing.
11:00 of 2nd period - Justin Florek wins face-off versus William Karlsson in Thunder zone.
11:01 of 2nd period - Backhand shot by Emerson Etem.
11:01 of 2nd period - Stopped by Niklas Treutle with a rebound.
11:03 of 2nd period - Wrist shot by Justin Florek.
11:03 of 2nd period - Goal by Justin Florek - Thunder : 1 - River Frogs : 3.
11:04 of 2nd period - William Karlsson wins face-off versus Dominik Simon in neutral zone.
11:27 of 2nd period - Icing by Mitch Marner.
11:28 of 2nd period - Brayden Point wins face-off versus Dominik Simon in River Frogs zone.
11:29 of 2nd period - Wrist shot by Mike Hoffman.
11:29 of 2nd period - Shot Misses the Net.
12:01 of 2nd period - Wrist shot by Dominik Simon.
12:01 of 2nd period - Stopped by Niklas Treutle with a rebound.
12:03 of 2nd period - Snap shot by Dominik Simon.
12:03 of 2nd period - Deflect By Mitch Marner.
12:03 of 2nd period - Shot Blocked by Emil Johansson.
12:03 of 2nd period - Puck is out of play.
12:04 of 2nd period - Brayden Point wins face-off versus Jared Knight in Thunder zone.
12:04 of 2nd period - Brayden Point is hit by Jared Knight.
12:12 of 2nd period - Slapshot by Mikko Vainonen.
12:12 of 2nd period - Stopped by Thomas Greiss without a rebound.
12:13 of 2nd period - Jared Knight wins face-off versus Brayden Point in River Frogs zone.
12:13 of 2nd period - Jared Knight is hit by Mikko Vainonen.
12:16 of 2nd period - Minor Penalty to Matt Calvert for Tripping.
12:17 of 2nd period - Emerson Etem wins face-off versus William Karlsson in River Frogs zone.
12:27 of 2nd period - Wrist shot by William Karlsson.
12:27 of 2nd period - Shot Blocked by Ondrej Kase.
12:29 of 2nd period - Slapshot by Mikko Vainonen.
12:29 of 2nd period - Shot Misses the Net.
12:31 of 2nd period - Snap shot by Colton Sceviour.
12:31 of 2nd period - Shot Blocked by Roman Josi.
12:33 of 2nd period - Wrist shot by Colton Sceviour.
12:33 of 2nd period - Goal by Colton Sceviour - Thunder : 2 - River Frogs : 3.
12:34 of 2nd period - Dominik Simon wins face-off versus William Karlsson in neutral zone.
12:59 of 2nd period - Jared Knight is hit by Trevor Lewis and loses puck.
13:06 of 2nd period - Wrist shot by Jamie McGinn.
13:06 of 2nd period - Shot Blocked by Roman Josi.
13:08 of 2nd period - Snap shot by Jamie McGinn.
13:08 of 2nd period - Shot Misses the Net.
13:10 of 2nd period - Wrist shot by Angelo Esposito.
13:10 of 2nd period - Stopped by Thomas Greiss without a rebound.
13:11 of 2nd period - William Karlsson wins face-off versus Ryan Fitzgerald in River Frogs zone.
13:14 of 2nd period - Snap shot by William Karlsson.
13:14 of 2nd period - Shot Misses the Net.
13:16 of 2nd period - Slapshot by Emil Johansson.
13:16 of 2nd period - Shot Misses the Net.
13:18 of 2nd period - Slapshot by Jesper Pettersson.
13:18 of 2nd period - Shot Blocked by Justin Florek.
13:20 of 2nd period - Slapshot by Emil Johansson.
13:20 of 2nd period - Stopped by Thomas Greiss without a rebound.
13:21 of 2nd period - William Karlsson wins face-off versus Ryan Fitzgerald in River Frogs zone.
13:38 of 2nd period - Slapshot by Dany Roussin.
13:38 of 2nd period - Deflect By William Karlsson.
13:38 of 2nd period - Shot Blocked by Aaron Ness.
13:38 of 2nd period - Puck is out of play.
13:39 of 2nd period - Brayden Point wins face-off versus Dominik Simon in River Frogs zone.
13:40 of 2nd period - Wrist shot by Mike Hoffman.
13:40 of 2nd period - Shot Misses the Net.
14:15 of 2nd period - Slapshot by Gianluca Curcuruto.
14:15 of 2nd period - Deflect By William Karlsson.
14:15 of 2nd period - Shot Misses the Net.
14:15 of 2nd period - Puck is out of play.
14:16 of 2nd period - Dominik Simon wins face-off versus William Karlsson in River Frogs zone.
14:21 of 2nd period - Dany Roussin is hit by Dominik Simon and loses puck.
14:32 of 2nd period - Snap shot by Emerson Etem.
14:32 of 2nd period - Shot Misses the Net.
14:42 of 2nd period - Matt Calvert is hit by Mike Hoffman and loses puck.
15:01 of 2nd period - Slapshot by Bobby Farnham.
15:01 of 2nd period - Stopped by Niklas Treutle with a rebound.
15:03 of 2nd period - Snap shot by Austin Watson.
15:03 of 2nd period - Shot Misses the Net.
15:05 of 2nd period - Wrist shot by Austin Watson.
15:05 of 2nd period - Shot Misses the Net.
15:07 of 2nd period - Snap shot by Bobby Farnham.
15:07 of 2nd period - Shot Misses the Net.
15:09 of 2nd period - Slapshot by Shea Theodore.
15:09 of 2nd period - Shot Blocked by Austin Poganski.
15:33 of 2nd period - Slapshot by Justin Florek.
15:33 of 2nd period - Shot Hit the Post.
17:00 of 2nd period - Snap shot by Matt Calvert.
17:00 of 2nd period - Shot Misses the Net.
17:02 of 2nd period - Wrist shot by Andrew Gordon.
17:02 of 2nd period - Shot Hit the Post.
17:04 of 2nd period - Wrist shot by Matt Calvert.
17:04 of 2nd period - Shot Misses the Net.
17:06 of 2nd period - Wrist shot by Jared Knight.
17:06 of 2nd period - Goal by Jared Knight - Thunder : 2 - River Frogs : 4.
17:07 of 2nd period - Brayden Point wins face-off versus Dominik Simon in neutral zone.
17:10 of 2nd period - Snap shot by Austin Poganski.
17:10 of 2nd period - Shot Misses the Net.
17:50 of 2nd period - Wrist shot by William Karlsson.
17:50 of 2nd period - Stopped by Thomas Greiss with a rebound.
17:52 of 2nd period - Slapshot by Dany Roussin.
17:52 of 2nd period - Stopped by Thomas Greiss without a rebound.
17:53 of 2nd period - Angelo Esposito wins face-off versus Ryan Fitzgerald in River Frogs zone.
17:54 of 2nd period - Slapshot by William Karlsson.
17:54 of 2nd period - Shot Misses the Net.
18:04 of 2nd period - Wrist shot by Ondrej Kase.
18:04 of 2nd period - Stopped by Niklas Treutle without a rebound.
18:05 of 2nd period - William Karlsson wins face-off versus Dominik Simon in Thunder zone.
18:18 of 2nd period - Snap shot by William Karlsson.
18:18 of 2nd period - Shot Blocked by Aaron Ness.
18:20 of 2nd period - Slapshot by Jesper Pettersson.
18:20 of 2nd period - Stopped by Thomas Greiss with a rebound.
19:39 of 2nd period - Snap shot by Angelo Esposito.
19:39 of 2nd period - Shot Blocked by Mitch Marner.
19:47 of 2nd period - Jamie McGinn is hit by Mitch Marner and loses puck.
Goals for this period are 2 for Thunder vs 3 for River Frogs.
Shots for this period are 14 for Thunder vs 22 for River Frogs.
3rd period
0:01 of 3rd period - Dominik Simon wins face-off versus William Karlsson in neutral zone.
0:14 of 3rd period - Slapshot by Emerson Etem.
0:14 of 3rd period - Stopped by Niklas Treutle with a rebound.
0:16 of 3rd period - Wrist shot by Mitch Marner.
0:16 of 3rd period - Stopped by Niklas Treutle with a rebound.
0:30 of 3rd period - Snap shot by William Karlsson.
0:30 of 3rd period - Goal by William Karlsson - Thunder : 3 - River Frogs : 4.
0:31 of 3rd period - Dominik Simon wins face-off versus William Karlsson in neutral zone.
0:56 of 3rd period - Brayden Point is hit by Matt Calvert and loses puck.
1:03 of 3rd period - Snap shot by Matt Calvert.
1:03 of 3rd period - Stopped by Niklas Treutle without a rebound.
1:04 of 3rd period - Jared Knight wins face-off versus William Karlsson in Thunder zone.
1:05 of 3rd period - Wrist shot by Matt Calvert.
1:05 of 3rd period - Shot Misses the Net.
1:07 of 3rd period - Snap shot by Andrew Gordon.
1:07 of 3rd period - Shot Blocked by Dany Roussin.
1:09 of 3rd period - Slapshot by Aaron Ness.
1:09 of 3rd period - Stopped by Niklas Treutle with a rebound.
1:11 of 3rd period - Slapshot by Morgan Rielly.
1:11 of 3rd period - Stopped by Niklas Treutle with a rebound.
1:48 of 3rd period - Off-side.
1:49 of 3rd period - Jamie McGinn wins face-off versus Beau Starrett in neutral zone.
1:56 of 3rd period - Austin Watson is hit by Mikko Vainonen and loses puck.
2:36 of 3rd period - Slapshot by Dominik Simon.
2:36 of 3rd period - Stopped by Niklas Treutle with a rebound.
3:04 of 3rd period - Snap shot by Ondrej Kase.
3:04 of 3rd period - Shot Blocked by Mackenze Stewart.
3:06 of 3rd period - Slapshot by Ryan Fitzgerald.
3:06 of 3rd period - Shot Blocked by Angelo Esposito.
4:09 of 3rd period - Gianluca Curcuruto is hit by Justin Florek and loses puck.
4:14 of 3rd period - Slapshot by Shea Theodore.
4:14 of 3rd period - Stopped by Niklas Treutle with a rebound.
4:40 of 3rd period - Mike Hoffman is hit by Dominik Simon and loses puck.
5:02 of 3rd period - Bobby Farnham is hit by Colton Sceviour.
5:16 of 3rd period - Angelo Esposito is hit by Matt Calvert.
5:26 of 3rd period - Andrew Gordon is hit by Angelo Esposito.
5:33 of 3rd period - Icing by Andrew Gordon.
5:34 of 3rd period - Brayden Point wins face-off versus Dominik Simon in River Frogs zone.
5:37 of 3rd period - Snap shot by Brayden Point.
5:37 of 3rd period - Shot Misses the Net.
5:39 of 3rd period - Wrist shot by Brayden Point.
5:39 of 3rd period - Stopped by Thomas Greiss with a rebound.
6:23 of 3rd period - Dillon Heatherington is hit by Austin Poganski.
6:29 of 3rd period - Minor Penalty to Ryan Fitzgerald for Hooking.
6:30 of 3rd period - Dany Roussin wins face-off versus Emerson Etem in River Frogs zone.
7:07 of 3rd period - Icing by Jesper Pettersson.
7:08 of 3rd period - Brayden Point wins face-off versus Matt Calvert in Thunder zone.
8:29 of 3rd period - Penalty to Ryan Fitzgerald is over, Ryan Fitzgerald is back on ice.
8:48 of 3rd period - Austin Watson is hit by Angelo Esposito and loses puck.
9:42 of 3rd period - Emerson Etem is hit by Zach Stepan and loses puck.
10:11 of 3rd period - Morgan Rielly is hit by Mike Hoffman and loses puck.
10:28 of 3rd period - Snap shot by Bobby Farnham.
10:28 of 3rd period - Stopped by Niklas Treutle without a rebound.
10:29 of 3rd period - William Karlsson wins face-off versus Jared Knight in Thunder zone.
10:54 of 3rd period - David Kolomatis is hit by Angelo Esposito and loses puck.
11:04 of 3rd period - Icing by Angelo Esposito.
11:05 of 3rd period - Trevor Lewis wins face-off versus Jared Knight in Thunder zone.
11:05 of 3rd period - Trevor Lewis is hit by Roman Josi.
11:33 of 3rd period - Snap shot by Mike Hoffman.
11:33 of 3rd period - Stopped by Thomas Greiss without a rebound.
11:34 of 3rd period - Emerson Etem wins face-off versus Brayden Point in River Frogs zone.
11:34 of 3rd period - Emerson Etem is hit by Austin Poganski.
12:01 of 3rd period - Gianluca Curcuruto is hit by Emerson Etem and loses puck.
12:13 of 3rd period - Minor Penalty to Austin Poganski for Hooking.
12:14 of 3rd period - William Karlsson wins face-off versus Justin Florek in Thunder zone.
12:14 of 3rd period - William Karlsson is hit by Justin Florek.
12:38 of 3rd period - Icing by Roman Josi.
12:39 of 3rd period - Ondrej Kase wins face-off versus William Karlsson in River Frogs zone.
13:06 of 3rd period - Mikko Vainonen is hit by Roman Josi.
13:10 of 3rd period - Wrist shot by Mike Hoffman.
13:10 of 3rd period - Stopped by Thomas Greiss without a rebound.
13:11 of 3rd period - Justin Florek wins face-off versus William Karlsson in River Frogs zone.
13:16 of 3rd period - Wrist shot by Dany Roussin.
13:16 of 3rd period - Stopped by Thomas Greiss without a rebound.
13:17 of 3rd period - William Karlsson wins face-off versus Justin Florek in River Frogs zone.
13:48 of 3rd period - Wrist shot by Dominik Simon.
13:48 of 3rd period - Goal by Dominik Simon - Thunder : 3 - River Frogs : 5.
13:49 of 3rd period - William Karlsson wins face-off versus Dominik Simon in neutral zone.
13:56 of 3rd period - Slapshot by Mikko Vainonen.
13:56 of 3rd period - Stopped by Thomas Greiss with a rebound.
13:58 of 3rd period - Snap shot by William Karlsson.
13:58 of 3rd period - Deflect By Dany Roussin.
13:58 of 3rd period - Goal by Dany Roussin - Thunder : 4 - River Frogs : 5.
13:59 of 3rd period - Dominik Simon wins face-off versus William Karlsson in neutral zone.
14:53 of 3rd period - Slapshot by Ondrej Kase.
14:53 of 3rd period - Goal by Ondrej Kase - Thunder : 4 - River Frogs : 6.
14:54 of 3rd period - Dominik Simon wins face-off versus William Karlsson in neutral zone.
15:19 of 3rd period - Ryan Fitzgerald is hit by Gianluca Curcuruto and loses puck.
17:05 of 3rd period - Bobby Farnham is hit by Austin Poganski and loses puck.
17:12 of 3rd period - Beau Starrett is hit by Ryan Graves and loses puck.
17:23 of 3rd period - Slapshot by Shea Theodore.
17:23 of 3rd period - Shot Blocked by Mackenze Stewart.
17:35 of 3rd period - Snap shot by Bobby Farnham.
17:35 of 3rd period - Deflect By Beau Starrett.
17:35 of 3rd period - Shot Misses the Net.
17:35 of 3rd period - Puck is out of play.
17:36 of 3rd period - Angelo Esposito wins face-off versus Ryan Fitzgerald in Thunder zone.
17:47 of 3rd period - Slapshot by Artturi Lehkonen.
17:47 of 3rd period - Stopped by Thomas Greiss without a rebound.
17:48 of 3rd period - Angelo Esposito wins face-off versus Ryan Fitzgerald in River Frogs zone.
17:49 of 3rd period - Snap shot by William Karlsson.
17:49 of 3rd period - Shot Blocked by Roman Josi.
17:51 of 3rd period - Slapshot by Gianluca Curcuruto.
17:51 of 3rd period - Shot Misses the Net.
17:53 of 3rd period - Slapshot by Gianluca Curcuruto.
17:53 of 3rd period - Shot Blocked by Justin Florek.
17:55 of 3rd period - Slapshot by Mikko Vainonen.
17:55 of 3rd period - Goal by Mikko Vainonen - Thunder : 5 - River Frogs : 6.
17:56 of 3rd period - Angelo Esposito wins face-off versus Ondrej Kase in neutral zone.
18:21 of 3rd period - Mike Hoffman is hit by Mitch Marner and loses puck.
18:34 of 3rd period - Snap shot by Dany Roussin.
18:34 of 3rd period - Shot Misses the Net.
18:48 of 3rd period - Brayden Point is hit by Aaron Ness.
18:54 of 3rd period - Wrist shot by Andrew Gordon.
18:54 of 3rd period - Stopped by Niklas Treutle with a rebound.
18:56 of 3rd period - Snap shot by Aaron Ness.
18:56 of 3rd period - Shot Blocked by Gianluca Curcuruto.
18:58 of 3rd period - Slapshot by Morgan Rielly.
18:58 of 3rd period - Stopped by Niklas Treutle with a rebound.
19:14 of 3rd period - Snap shot by Emerson Etem.
19:14 of 3rd period - Stopped by Niklas Treutle without a rebound.
19:15 of 3rd period - Lanne MacDonald call a timeout for Thunder.
19:15 of 3rd period - Matt Calvert wins face-off versus William Karlsson in Thunder zone.
19:20 of 3rd period - Slapshot by Andrew Gordon.
19:20 of 3rd period - Shot Misses the Net.
19:22 of 3rd period - Snap shot by Roman Josi.
19:22 of 3rd period - Stopped by Niklas Treutle with a rebound.
19:24 of 3rd period - Snap shot by Roman Josi.
19:24 of 3rd period - Stopped by Niklas Treutle without a rebound.
19:25 of 3rd period - Matt Calvert wins face-off versus William Karlsson in Thunder zone.
19:54 of 3rd period - Wrist shot by Roman Josi.
19:54 of 3rd period - Shot Blocked by Mikko Vainonen.
19:56 of 3rd period - Slapshot by Andrew Gordon.
19:56 of 3rd period - Goal by Andrew Gordon - Thunder : 5 - River Frogs : 7.
19:57 of 3rd period - William Karlsson wins face-off versus Ryan Fitzgerald in neutral zone.
Goals for this period are 3 for Thunder vs 3 for River Frogs.
Shots for this period are 9 for Thunder vs 16 for River Frogs.